TOP OF THE 1ST |
Pocatello Boccabellas batting - Pitching for Vista Panthers : RHP Dale Reese
|
Pitching: RHP Dale Reese
|
|
Batting: RHB Tomás Carranza
|
0-0: Called Strike 0-1: Called Strike 0-2: Foul Ball, location: 2F 0-2: Foul Ball, location: 2F 0-2: Foul Ball, location: 2F 0-2: Ball 1-2: Ground out 5-3 (Groundball, 5S)
|
Batting: LHB Jim Jensen
|
0-0: Ball 1-0: Fly out, F6 (Popup, 4MD)
|
Batting: RHB Ernesto Acosta
|
0-0: Called Strike 0-1: Ball 1-1: Called Strike 1-2: Strikes out swinging
|
Top of the 1st over - 0 run(s), 0 hit(s), 0 error(s), 0 left on base; Pocatello 0 - Vista 0 |
BOTTOM OF THE 1ST |
Vista Panthers batting - Pitching for Pocatello Boccabellas : RHP Martín Ramírez
|
Pitching: RHP Martín Ramírez
|
|
Batting: LHB Francisco Marino
|
0-0: Ball 1-0: Called Strike 1-1: Ball 2-1: Called Strike 2-2: Foul Ball, location: 2F 2-2: Strikes out swinging
|
Batting: LHB Bob Cunningham
|
0-0: Ball 1-0: Fly out, F7 (Line Drive, 7D)
|
Batting: LHB Donovan Bird
|
0-0: Ball 1-0: Called Strike 1-1: Ball 2-1: Ball 3-1: Foul Ball, location: 2F 3-2: Foul Ball, location: 2F 3-2: Foul Ball, location: 2F 3-2: Foul Ball, location: 2F 3-2: SINGLE (Line Drive, 89S)
|
Batting: SHB Mark Wells
|
0-0: Ball 1-0: Foul Ball, location: 2F 1-1: Fielders Choice at 2nd, 6-4 (Groundball, 6)
|
Bottom of the 1st over - 0 run(s), 1 hit(s), 0 error(s), 0 left on base; Pocatello 0 - Vista 0 |
TOP OF THE 2ND |
Pocatello Boccabellas batting - Pitching for Vista Panthers : RHP Dale Reese
|
Batting: LHB Juan Cortés
|
0-0: Ball 1-0: SINGLE (Groundball, 34D)
|
Batting: SHB Nick Cox
|
0-0: Swinging Strike 0-1: Fly out, F8 (Flyball, 89M)
|
Batting: RHB Francisco Sandoval
|
0-0: Grounds into double play, 6-4-3 (Groundball, 56)
|
Top of the 2nd over - 0 run(s), 1 hit(s), 0 error(s), 0 left on base; Pocatello 0 - Vista 0 |
BOTTOM OF THE 2ND |
Vista Panthers batting - Pitching for Pocatello Boccabellas : RHP Martín Ramírez
|
Batting: RHB Cisco Gatán
|
0-0: Ball 1-0: Ball 2-0: Ball 3-0: Base on Balls
|
Batting: LHB Brent Alonzo
|
0-0: Called Strike 0-1: Foul Ball, location: 2F 0-2: Ball 1-2: Ball 2-2: Foul Ball, location: 2F 2-2: Foul Ball, location: 2F 2-2: Foul Ball, location: 2F 2-2: Foul Ball, location: 2F 2-2: Foul Ball, location: 2F 2-2: Foul Ball, location: 2F 2-2: Ball 3-2: Base on Balls Cisco Gatán to second
|
Batting: LHB Patrick Osborne
|
0-0: Grounds into double play, 6-4-3 (Groundball, 6) Cisco Gatán to third
|
Batting: RHB Phil Matthews
|
0-0: Called Strike 0-1: Foul Ball, location: 2F 0-2: Ball 1-2: Strikes out swinging
|
Bottom of the 2nd over - 0 run(s), 0 hit(s), 0 error(s), 1 left on base; Pocatello 0 - Vista 0 |
TOP OF THE 3RD |
Pocatello Boccabellas batting - Pitching for Vista Panthers : RHP Dale Reese
|
Batting: LHB José Berroa
|
0-0: Swinging Strike 0-1: Ball 1-1: SOLO HOME RUN (Flyball, 9D), Distance : 413 ft
|
Batting: RHB José Delgado
|
0-0: Ground out 3-1 (Groundball, 34)
|
Batting: LHB Vicente Bueno
|
0-0: Ground out 4-3 (Groundball, 4)
|
Batting: RHB Tomás Carranza
|
0-0: Ground out 6-3 (Groundball, 6S)
|
Top of the 3rd over - 1 run(s), 1 hit(s), 0 error(s), 0 left on base; Pocatello 1 - Vista 0 |
BOTTOM OF THE 3RD |
Vista Panthers batting - Pitching for Pocatello Boccabellas : RHP Martín Ramírez
|
Batting: RHB George Howard
|
0-0: Ground out 3-1 (Groundball, 34S)
|
Batting: LHB Francisco Marino
|
0-0: Called Strike 0-1: Ball 1-1: DOUBLE (Line Drive, 9LM)
|
Batting: LHB Bob Cunningham
|
0-0: SINGLE (Line Drive, 4MD) Francisco Marino to third
|
Batting: LHB Donovan Bird
|
0-0: Foul Ball, location: 2F 0-1: DOUBLE (Flyball, 8LXD) Francisco Marino scores Bob Cunningham to third Runner from 3rd tries for Home, SAFE, no throw
|
Batting: SHB Mark Wells
|
0-0: Fly out, F8 (Flyball, 8LM)
|
Batting: RHB Cisco Gatán
|
0-0: Swinging Strike 0-1: Foul Ball, location: 2F 0-2: Foul Ball, location: 2F 0-2: Ball 1-2: Fly out, F9 (Flyball, 9S)
|
Bottom of the 3rd over - 2 run(s), 3 hit(s), 0 error(s), 1 left on base; Pocatello 1 - Vista 2 |
TOP OF THE 4TH |
Pocatello Boccabellas batting - Pitching for Vista Panthers : RHP Dale Reese
|
Batting: LHB Jim Jensen
|
0-0: Foul Ball, location: 2F 0-1: Swinging Strike 0-2: Ball 1-2: Ground out 6-3 (Groundball, 6)
|
Batting: RHB Ernesto Acosta
|
0-0: Swinging Strike 0-1: SINGLE (Groundball, 6MD)
|
Batting: LHB Juan Cortés
|
0-0: Swinging Strike 0-1: Foul Ball, location: 2F 0-2: Ball 1-2: Fly out, F7 (Line Drive, 7D)
|
Batting: SHB Nick Cox
|
0-0: Ball 1-0: Called Strike 1-1: Called Strike 1-2: Foul Ball, location: 2F 1-2: Fielders Choice at 2nd, 4-6 (Groundball, 4)
|
Top of the 4th over - 0 run(s), 1 hit(s), 0 error(s), 0 left on base; Pocatello 1 - Vista 2 |
BOTTOM OF THE 4TH |
Vista Panthers batting - Pitching for Pocatello Boccabellas : RHP Martín Ramírez
|
Batting: LHB Brent Alonzo
|
0-0: SINGLE (Groundball, 56) (infield hit)
|
Batting: LHB Patrick Osborne
|
0-0: Ball 1-0: Called Strike 1-1: Called Strike 1-2: Foul Ball, location: 2F 1-2: Foul Ball, location: 2F 1-2: Strikes out looking
|
Batting: RHB Phil Matthews
|
0-0: Ball 1-0: SINGLE (Groundball, 6MD) Brent Alonzo to second
|
Batting: RHB George Howard
|
0-0: Ball 1-0: Called Strike 1-1: Grounds into double play, 4-6-3 (Groundball, 4)
|
Bottom of the 4th over - 0 run(s), 2 hit(s), 0 error(s), 1 left on base; Pocatello 1 - Vista 2 |
TOP OF THE 5TH |
Pocatello Boccabellas batting - Pitching for Vista Panthers : RHP Dale Reese
|
Batting: RHB Francisco Sandoval
|
0-0: Swinging Strike 0-1: Swinging Strike 0-2: Strikes out swinging
|
Batting: LHB José Berroa
|
0-0: Swinging Strike 0-1: Ball 1-1: SINGLE (Line Drive, 6D)
|
Batting: RHB José Delgado
|
0-0: Called Strike 0-1: Foul Ball, location: 2F 0-2: Fly out, F3 (Popup, 3L)
|
Batting: LHB Vicente Bueno
|
0-0: Ball 1-0: Foul Ball, location: 2F 1-1: Swinging Strike 1-2: Strikes out swinging
|
Top of the 5th over - 0 run(s), 1 hit(s), 0 error(s), 1 left on base; Pocatello 1 - Vista 2 |
BOTTOM OF THE 5TH |
Vista Panthers batting - Pitching for Pocatello Boccabellas : RHP Martín Ramírez
|
Batting: LHB Francisco Marino
|
0-0: Ball 1-0: Ball 2-0: Called Strike 2-1: Called Strike 2-2: Strikes out swinging
|
Batting: LHB Bob Cunningham
|
0-0: Called Strike 0-1: Foul Ball, location: 2F 0-2: Strikes out looking
|
Batting: LHB Donovan Bird
|
0-0: Ball 1-0: Ball 2-0: Foul Ball, location: 2F 2-1: Foul Ball, location: 2F 2-2: SOLO HOME RUN (Flyball, 9LD), Distance : 347 ft
|
Batting: SHB Mark Wells
|
0-0: Swinging Strike 0-1: Ball 1-1: Called Strike 1-2: Ball 2-2: Ball 3-2: Foul Ball, location: 2F 3-2: Base on Balls
|
Batting: RHB Cisco Gatán
|
0-0: Foul Ball, location: 2F 0-1: Ball 1-1: Called Strike 1-2: Ball 2-2: SINGLE (Groundball, 34D) Mark Wells to second Runner from 2nd tries for 3rd, SAFE, throw made to third
|
Batting: LHB Brent Alonzo
|
0-0: Called Strike 0-1: SINGLE (Groundball, 6MD) Mark Wells scores Cisco Gatán to second Runner from 2nd tries for 3rd, SAFE, no throw
|
Batting: LHB Patrick Osborne
|
0-0: Ball 1-0: Foul Ball, location: 2F 1-1: Foul Ball, location: 2F 1-2: Ball 2-2: SINGLE (Groundball, 34D) Cisco Gatán scores Brent Alonzo to second Runner from 2nd tries for 3rd, SAFE, no throw
|
Pitching: RHP Beau Murphy
|
|
Batting: RHB Phil Matthews
|
0-0: Ground out 6-3 (Groundball, 6M)
|
Bottom of the 5th over - 3 run(s), 4 hit(s), 0 error(s), 2 left on base; Pocatello 1 - Vista 5 |
TOP OF THE 6TH |
Pocatello Boccabellas batting - Pitching for Vista Panthers : RHP Dale Reese
|
Batting: RHB Tomás Carranza
|
0-0: Ball 1-0: Ground out 4-3 (Groundball, 4)
|
Batting: LHB Jim Jensen
|
0-0: Called Strike 0-1: Swinging Strike 0-2: Ball 1-2: Foul Ball, location: 2F 1-2: Ball 2-2: Ball 3-2: Ground out 4-3 (Groundball, 4)
|
Batting: RHB Ernesto Acosta
|
0-0: Ground out 5-3 (Groundball, 56S)
|
Top of the 6th over - 0 run(s), 0 hit(s), 0 error(s), 0 left on base; Pocatello 1 - Vista 5 |
BOTTOM OF THE 6TH |
Vista Panthers batting - Pitching for Pocatello Boccabellas : RHP Beau Murphy
|
Batting: RHB George Howard
|
0-0: Ball 1-0: Ball 2-0: Ground out 3-1 (Groundball, 34S)
|
Batting: LHB Francisco Marino
|
0-0: Ground out 4-3 (Groundball, 34D)
|
Batting: LHB Bob Cunningham
|
0-0: Ball 1-0: Ball 2-0: SINGLE (Groundball, 6D)
|
Batting: LHB Donovan Bird
|
0-0: Ball Bob Cunningham is caught stealing 2nd base
|
Bottom of the 6th over - 0 run(s), 1 hit(s), 0 error(s), 0 left on base; Pocatello 1 - Vista 5 |
TOP OF THE 7TH |
Pocatello Boccabellas batting - Pitching for Vista Panthers : RHP Dale Reese
|
Batting: LHB Juan Cortés
|
0-0: Ball 1-0: Ball 2-0: Ball 3-0: Called Strike 3-1: Base on Balls
|
Batting: SHB Nick Cox
|
0-0: Ball 1-0: Called Strike 1-1: Foul Ball, location: 2F 1-2: Strikes out looking
|
Batting: RHB Francisco Sandoval
|
0-0: Called Strike 0-1: Ball 1-1: Ball 2-1: Ball 3-1: Called Strike 3-2: Foul Ball, location: 2F 3-2: DOUBLE (Flyball, 89M) Juan Cortés to third
|
Batting: LHB José Berroa
|
0-0: Called Strike 0-1: Called Strike 0-2: Ground out 6-3 (Groundball, 6S) Juan Cortés scores Francisco Sandoval to third
|
Batting: RHB José Delgado
|
0-0: Ball 1-0: Ball 2-0: Ball 3-0: Called Strike 3-1: Called Strike 3-2: Foul Ball, location: 2F 3-2: Foul Ball, location: 2F 3-2: Base on Balls
|
Batting: LHB Vicente Bueno
|
0-0: Fly out, F8 (Flyball, 8RS)
|
Top of the 7th over - 1 run(s), 1 hit(s), 0 error(s), 2 left on base; Pocatello 2 - Vista 5 |
BOTTOM OF THE 7TH |
Vista Panthers batting - Pitching for Pocatello Boccabellas : RHP Beau Murphy
|
Batting: LHB Donovan Bird
|
0-0: Ball 1-0: Ball 2-0: Called Strike 2-1: Ball 3-1: Called Strike 3-2: Base on Balls
|
Batting: SHB Mark Wells
|
0-0: Swinging Strike 0-1: Foul Ball, location: 2F 0-2: Ball 1-2: Foul Ball, location: 2F 1-2: Foul Ball, location: 2F 1-2: Ball 2-2: Fly out, F9 (Flyball, 9)
|
Batting: RHB Cisco Gatán
|
0-0: Ball 1-0: Called Strike 1-1: Called Strike 1-2: Ball 2-2: Fly out, F9 (Flyball, 89M)
|
Batting: LHB Brent Alonzo
|
0-0: Called Strike 0-1: Ball 1-1: SINGLE (Line Drive, 6M) Donovan Bird to second
|
Pitching: LHP Mark Murchison
|
|
Batting: LHB Patrick Osborne
|
0-0: Swinging Strike 0-1: Swinging Strike 0-2: Ball 1-2: Foul Ball, location: 2F 1-2: Strikes out swinging
|
Bottom of the 7th over - 0 run(s), 1 hit(s), 0 error(s), 2 left on base; Pocatello 2 - Vista 5 |
TOP OF THE 8TH |
Pocatello Boccabellas batting - Pitching for Vista Panthers : RHP Dale Reese
|
Batting: RHB Tomás Carranza
|
0-0: Called Strike 0-1: Ball 1-1: Ball 2-1: Ground out 6-3 (Groundball, 6)
|
Batting: LHB Jim Jensen
|
0-0: Ball 1-0: Ball 2-0: Ball 3-0: Base on Balls
|
Batting: RHB Ernesto Acosta
|
0-0: Called Strike 0-1: Called Strike 0-2: Ball 1-2: Ball 2-2: DOUBLE (Line Drive, 89D) Jim Jensen to third Runner from 3rd tries for Home, SAFE, throw made home
|
Pitching: LHP Thomas Heath
|
|
Batting: LHB Juan Cortés
|
0-0: Foul Ball, location: 2F 0-1: Ball 1-1: Ground out 6-3 (Groundball, 6)
|
Pitching: RHP Scotty Johnson
|
|
Batting: SHB Nick Cox
|
0-0: Called Strike 0-1: Ball 1-1: Ball 2-1: Foul Ball, location: 2F 2-2: SINGLE (Flyball, 78S) Ernesto Acosta to third Runner from 3rd tries for Home, SAFE, throw made home Nick Cox to second
|
Pitching: RHP Jesús De Los Santos
|
|
Batting: RHB Francisco Sandoval
|
0-0: Ball 1-0: Ball 2-0: Called Strike 2-1: Foul Ball, location: 2F 2-2: Ball 3-2: Foul Ball, location: 2F 3-2: Fly out, F2 (Popup, 3S)
|
Top of the 8th over - 2 run(s), 2 hit(s), 0 error(s), 1 left on base; Pocatello 4 - Vista 5 |
BOTTOM OF THE 8TH |
Vista Panthers batting - Pitching for Pocatello Boccabellas : LHP Mark Murchison
|
Pitching: RHP Jaime Espinoza
|
|
Batting: RHB Phil Matthews
|
0-0: Ball 1-0: Called Strike 1-1: Swinging Strike 1-2: Strikes out looking
|
Batting: RHB George Howard
|
0-0: Foul Ball, location: 2F 0-1: Swinging Strike 0-2: Foul Ball, location: 2F 0-2: Ball 1-2: Strikes out swinging
|
Batting: LHB Francisco Marino
|
0-0: Ground out 6-3 (Groundball, 6)
|
Bottom of the 8th over - 0 run(s), 0 hit(s), 0 error(s), 0 left on base; Pocatello 4 - Vista 5 |
TOP OF THE 9TH |
Pocatello Boccabellas batting - Pitching for Vista Panthers : RHP Jesús De Los Santos
|
Pitching: RHP David Simpson
|
|
Batting: LHB José Berroa
|
0-0: Called Strike 0-1: Swinging Strike 0-2: Ball 1-2: Foul Ball, location: 2F 1-2: Ball 2-2: Foul Ball, location: 2F 2-2: Ball 3-2: Strikes out looking
|
Pinch Hitting: RHB Manny Copriviza
|
0-0: Ball 1-0: Foul Ball, location: 2F 1-1: Swinging Strike 1-2: Strikes out swinging
|
Batting: LHB Vicente Bueno
|
0-0: SINGLE (Line Drive, 34)
|
Pinch Hitting: SHB Glenn Vadnais
|
0-0: Ball 1-0: Swinging Strike 1-1: Swinging Strike 1-2: Ball 2-2: Foul Ball, location: 2F 2-2: Foul Ball, location: 2F 2-2: Strikes out swinging
|
Top of the 9th over - 0 run(s), 1 hit(s), 0 error(s), 1 left on base; Pocatello 4 - Vista 5 |
|